 Dungeon Crawl Stone Soup version 0.24-a0-619-gb7544fd (webtiles) character file.

Game seed: 15955526588624685664, levelgen mode: deterministic

58 BoppinsLewinski the Chopper (level 4, 0/35 HPs)
             Began as a Human Fighter on Sept 16, 2019.
             Succumbed to an adder's poison
             ... on level 2 of the Dungeon.
             The game lasted 00:02:29 (1076 turns).

BoppinsLewinski the Chopper (Human Fighter)         Turns: 1076, Time: 00:02:30

Health: 0/35       AC: 10    Str: 18    XL:     4   Next: 21%
Magic:  4/4        EV:  4    Int:  8    God:
Gold:   35         SH:  9    Dex: 12    Spells: 3/3 levels left

rFire    . . .     SeeInvis .   a - +0 war axe
rCold    . . .     Gourm    .   c - +0 shield
rNeg     . . .     Faith    .   d - +0 chain mail
rPois    .         Spirit   .   i - +0 helmet (curse)
rElec    .         Reflect  .   (no cloak)
rCorr    .         Harm     .   (no gloves)
MR       .....                  (no boots)
Stlth    ..........             (no amulet)
HPRegen  0.11/turn              (no ring)
MPRegen  0.09/turn              (no ring)

@: lethally poisoned (0 -> -3)
A: no striking features
a: no special abilities


You were on level 2 of the Dungeon.
You were hungry.

You visited 1 branch of the dungeon, and saw 2 of its levels.

You collected 35 gold pieces.

Inventory:

Hand Weapons
 a - a +0 war axe (weapon)
Armour
 c - a +0 shield (worn)
 d - a +0 chain mail (worn)
 i - a cursed +0 helmet (worn)
Jewellery
 h - a cursed ring of attention {unknown}
Scrolls
 b - 2 scrolls of fear {unknown}
 e - 2 scrolls of identify {unknown}
 g - 2 scrolls of teleportation {unknown}
Comestibles
 f - a ration


   Skills:
 - Level 3.0 Fighting
 * Level 4.2 Axes
 - Level 3.0 Armour
 - Level 3.0 Shields


You had 3 spell levels left.
You didn't know any spells.
Your spell library was empty.

Dungeon Overview and Level Annotations

Branches:
Dungeon (2/15)

Altars:


Message History

* * * LOW HITPOINT WARNIN'
* * * Ye feel sick.
Unknown command.
Unknown command.
Unknown command.
Unknown command.
Unknown command.
Unknown command.
Ye slash tha worm!
Tha worm be heavily wounded.
* * * LOW HITPOINT WARNIN'
* * * Ye feel sick.
Unknown command.
Ye hit tha worm.
Tha worm be heavily wounded.
Tha worm bites ye but does nay damage.
Unknown command.
Ye slash tha worm!
Ye kill tha worm!
Ye die...

.........# .#######.# .#
#####.#########
.###.............#
<....###.#######.#
)##### #.# #.#
.#######.# #.#
.......#.# #.#
......)..# #@#
######.#########.#
#.#..............w.
######................##
.........#######.######
########## ..# ###


There were no monsters in sight!

Vanquished Creatures
  A gnoll (D:1)
  An adder (D:2)
  A worm (D:2)
  A dart slug (D:1)
  2 leopard geckos (D:1)
  A ball python (D:1)
  3 bats (D:1)
  A giant cockroach (D:1)
  A goblin (D:1)
  7 hobgoblins
  3 jackals (D:1)
  4 kobolds (D:1)
  A frilled lizard (D:1)
  5 rats (D:1)
32 creatures vanquished.

Notes
Turn   | Place    | Note
-------+----------+-------------------------------------------
     0 | D:1      | BoppinsLewinski the Human Fighter began the quest for the
                  | Orb.
     0 | D:1      | Reached XP level 1. HP: 18/18 MP: 1/1
    47 | D:1      | Reached skill level 3 in Axes
    47 | D:1      | Reached XP level 2. HP: 8/24 MP: 2/2
   312 | D:1      | Reached XP level 3. HP: 26/29 MP: 3/3
  1073 | D:2      | Reached skill level 4 in Axes
  1073 | D:2      | Reached XP level 4. HP: 3/35 MP: 4/4
  1074 | D:2      | HP: 1/35 [poisoned by an adder]
  1076 | D:2      | Succumbed to an adder's poison

Levels and vault maps discovered:
D:1:      noname_arrival_rooms_in_the_neighbourhood, layout_loops_ring,
          minmay_distorted
D:2:      layout_loops_ring

Skill      XL: |  1  2  3 |
---------------+----------+-----
Axes           | 3 4 |  4.2
Fighting       | |  3.0
Armour         | |  3.0
Shields        | |  3.0

Action                   |  1- 3 |  4- 6 || total
-------------------------+-------+-------++-------
Melee: War axe           |   111 |     3 ||   114
  Use: Potion            |     1 |       ||     1
Armor: Scale mail        |    20 |       ||    20
       Chain mail        |    49 |     1 ||    50
Dodge: Dodged            |    23 |       ||    23
Block: Shield            |    75 |       ||    75

Table legend:
 A = Non-vault XP
 B = Vault XP
 C = Vault XP percentage of total XP
 D = Non-vault monster count
 E = Vault monster count
 F = Vault count percentage of total count
                 A         B        C        D         E       F
            +---------+---------+-------+---------+---------+-------
      Total |      79 |       5 |   6.0 |      29 |       3 |   9.4
            +---------+---------+-------+---------+---------+-------
        D:1 |      59 |       5 |   7.8 |      26 |       3 |  10.3
        D:2 |      20 |       0 |   0.0 |       3 |       0 |   0.0
            +---------+---------+-------+---------+---------+-------
